 Dungeon Crawl Stone Soup version 0.31-a0-1178-gc5c9b8f871 (webtiles) character file.

Game seed: 15025129608060992876

819 qw the Skirmisher (level 7, -2/44 HPs)
             Began as a Gargoyle Hunter on Dec 11, 2023.
             Slain by a black bear (5 damage)
             ... on level 5 of the Dungeon.
             The game lasted 00:01:41 (4033 turns).

qw the Skirmisher (Gargoyle Hunter)                 Turns: 4033, Time: 00:01:42

Health: -2/44      AC: 10    Str: 15    XL:     7   Next: 95%
Magic:  7/7        EV: 12    Int:  9    God:
Gold:   210        SH:  0    Dex: 15    Spells: 6/6 levels left

rFire   . . .        a - +1 shortbow
rCold   + + .        (shield currently unavailable)
rNeg    + . .        b - +3 robe "Juef" {rC++}
rPois   inf          e - +0 helmet {SInv}
rElec   +            (no cloak)
rCorr   .            (no gloves)
SInv    +            (no boots)
Will    .....        (no amulet)
Stlth   ++           (no ring)
HPRegen 0.27/turn    (no ring)
MPRegen 0.10/turn

%: no passive effects
@: about to teleport
A: sickness immunity, AC +4, negative energy resistance 1, electricity
resistance, torment resistance 1, petrification resistance
a: no special abilities


You were on level 5 of the Dungeon.
You visited 1 branch of the dungeon, and saw 5 of its levels.

You collected 210 gold pieces.


Innate Abilities, Weirdness & Mutations

You are immune to sickness and miasma.
Your stone body is resilient. (AC +4)
You are immune to poison.
You resist negative energy. (rN+)
You are resistant to electric shocks. (rElec)
You are resistant to unholy torment.
You are immune to petrification.


   Skills:
 - Level 5.2 Fighting
 + Level 8.0 Ranged Weapons
 - Level 1.0 Armour
 - Level 2.5 Dodging
 - Level 1.1 Stealth


You had 6 spell levels left.
You didn't know any spells.
Your spell library was empty.

Inventory:

Hand Weapons
 a - a +1 shortbow (weapon)
Armour
 b - the +3 robe "Juef" (worn) {rC++}
   (You found it on level 2 of the Dungeon)

   rC++:      It greatly protects you from cold.
 c - a +2 helmet
 e - a +0 helmet of see invisible (worn)
 g - a +0 pair of gloves
Jewellery
 i - a ring of fire
Wands
 j - a wand of polymorph (11)
Scrolls
 f - a scroll of teleportation
Potions
 d - a potion of brilliance {unknown}
 h - 2 potions of curing {unknown}

Dungeon Overview and Level Annotations

Branches:
Dungeon (5/15)             Temple (0/1) D:5

Altars:
Kikubaaqudgha
Sif Muna


Message History

The black bear closely misses you.
The black bear claws you but does no damage.
The black bear closely misses you.
You shoot an arrow. The arrow hits the black bear.
The black bear is severely wounded.
The black bear closely misses you.
The black bear claws you but does no damage.
The black bear closely misses you.
You shoot an arrow. The arrow hits the black bear.
The black bear is severely wounded.
The black bear goes berserk!
You shoot an arrow. The arrow barely misses the black bear.
The black bear bites you but does no damage.
The black bear claws you but does no damage.
The black bear claws you.
You shoot an arrow. The arrow hits the black bear.
The black bear is almost dead.
The black bear bites you. The black bear barely misses you.
The black bear misses you.
The black bear bites you but does no damage.
The black bear claws you but does no damage. x2
You shoot an arrow. The arrow barely misses the black bear.
The black bear bites you! The black bear closely misses you. x2
You shoot an arrow. The arrow barely misses the black bear.
The black bear bites you. The black bear claws you.
The black bear claws you but does no damage.
The black bear closely misses you.
The black bear claws you but does no damage.
The black bear claws you.
4032 ||| READING 2 scrolls of teleportation.
As you read the scroll of teleportation, it crumbles to dust.
You feel strangely unstable. The black bear closely misses you.
The black bear misses you. The black bear claws you.
You shoot an arrow.
The arrow closely misses the black bear.
The black bear bites you.
The black bear claws you but does no damage.
The black bear claws you.
You die...

#.# .....
+.....#
####'###....
###...####
#.......#
#####..[#.).
#.......#
#...'...'...
#.......+
#.###...#.#.
#.......#
#.# #...#.#.
#.......#
#.# #...#.#.
#.......#
#.# #...#.#.
......#.@#
#.# #...#.#.
.###...#..h#
#.# #####.##
#...###..[#
#.# #.# ....
......##.#
^.#
..#.....#
>..###.#.#
...#...#.#
.......##..
#...# ..##


You could see a black bear (berserk).

Vanquished Creatures
  Menkaure (D:5)
  A water moccasin (D:5)
  An orc warrior (D:5)
  An ice beast (D:5)
  An ogre (D:5)
  A scorpion (D:5)
  A howler monkey (D:3)
  2 orc priests
  An iguana (D:5)
  Jessica (D:3)
  A sleepcap (D:3)
  An orc wizard (D:5)
  Robin (D:4)
  4 adders
  2 ufetubi (D:5)
  A worm (D:5)
  6 orcs
  4 ball pythons
  6 endoplasms
  4 giant cockroaches
  18 goblins
  13 hobgoblins
  8 quokkas
  10 bats
  3 frilled lizards
  8 kobolds
  A rat (D:1)
102 creatures vanquished.

Vanquished Creatures (others)
  A human (D:3)
1 creature vanquished.

Grand Total: 103 creatures vanquished

Notes
Turn   | Place    | Note
-------+----------+-------------------------------------------
     0 | D:1      | qw the Gargoyle Hunter began the quest for the Orb.
     0 | D:1      | Reached XP level 1. HP: 12/12 MP: 1/1
     0 | D:1      | 0 ||| qw: Version: 0.3-a-106-g2cfff9e
     0 | D:1      | 0 ||| qw: Game counter: 2045
     0 | D:1      | 0 ||| qw: Melee chars always use a shield: true
     0 | D:1      | 0 ||| qw: God list: Okawaru
     0 | D:1      | 0 ||| qw: Allow faded altars: false
     0 | D:1      | 0 ||| qw: Do Orc after clearing Dungeon:15 true
     0 | D:1      | 0 ||| qw: Do second Lair branch before Depths: true
     0 | D:1      | 0 ||| qw: Lair rune preference: random
     0 | D:1      | 0 ||| qw: Goals: Normal, Save, Zot:1-4, Win
     0 | D:1      | 0 ||| PLANNING D:1-11
   111 | D:1      | You fall into a shaft and drop 1 floor!
   131 | D:2      | 131 ||| UPGRADING to +0 ring mail.
   141 | D:2      | 141 ||| DROPPING +0 leather armour.
   142 | D:2      | 142 ||| DROPPING scroll of butterflies.
   215 | D:1      | Reached XP level 2. HP: 17/17 MP: 2/2
   288 | D:1      | Reached skill level 1 in Armour
   911 | D:1      | 911 ||| UPGRADING to +0 helmet.
   916 | D:1      | 916 ||| UPGRADING to +1 leather armour of cold resistance.
   926 | D:1      | 926 ||| DROPPING +0 ring mail.
   927 | D:1      | 927 ||| READING 2 scrolls labelled TYTUGAGAPP.
  1028 | D:1      | 1028 ||| READING scroll labelled SEDOKY LECIBATH.
  1031 | D:1      | 1031 ||| READING scroll labelled WYLESK KATHEPAL.
  1031 | D:1      | 1031 ||| IDENTIFYING emerald potion
  1032 | D:1      | 1032 ||| DROPPING scroll of vulnerability.
  1033 | D:1      | 1033 ||| DROPPING potion of magic.
  1059 | D:2      | Identified the +3 robe "Juef" {rC++}
  1077 | D:2      | Reached XP level 3. HP: 21/21 MP: 3/3
  1257 | D:2      | Reached skill level 5 in Ranged Weapons
  1596 | D:2      | Reached XP level 4. HP: 27/27 MP: 4/4
  1605 | D:2      | Reached skill level 3 in Fighting
  1707 | D:2      | 1707 ||| UPGRADING to +3 robe "Juef" {rC++}.
  1717 | D:2      | 1717 ||| DROPPING +1 leather armour of cold resistance.
  1718 | D:2      | 1718 ||| READING 2 scrolls of identify.
  1718 | D:2      | 1718 ||| IDENTIFYING fuming golden potion
  1719 | D:2      | 1719 ||| READING scroll of identify.
  1719 | D:2      | 1719 ||| IDENTIFYING scroll labelled ICIUNK CAMOOC
  1720 | D:2      | 1720 ||| READING scroll of enchant weapon.
  1720 | D:2      | 1720 ||| ENCHANTING +0 shortbow.
  1721 | D:2      | 1721 ||| READING 3 scrolls labelled OGUDAU ZIUFIP.
  1722 | D:2      | 1722 ||| DROPPING 2 scrolls of noise.
  1723 | D:2      | 1723 ||| DROPPING potion of lignification.
  2078 | D:3      | Noticed Jessica
  2086 | D:3      | Killed Jessica
  2090 | D:3      | Reached XP level 5. HP: 31/32 MP: 5/5
  2152 | D:3      | Found an ancient bone altar of Kikubaaqudgha.
  2153 | D:3      | Noticed a human
  2157 | D:3      | Killed a human
  2314 | D:3      | 2314 ||| READING scroll of identify.
  2314 | D:3      | 2314 ||| IDENTIFYING glowing brown potion
  2315 | D:3      | 2315 ||| READING scroll labelled LIUGONIYCU.
  2315 | D:3      | 2315 ||| ENCHANTING +0 helmet.
  2316 | D:3      | 2316 ||| READING scroll labelled TOGGARR RAGH.
  2317 | D:3      | 2317 ||| READING scroll labelled OGAMUE KEFFAIX.
  2318 | D:3      | 2318 ||| DROPPING potion of degeneration.
  2352 | D:4      | 2352 ||| STAIRDANCE
  2367 | D:3      | Reached skill level 6 in Ranged Weapons
  2404 | D:4      | 2404 ||| STAIRDANCE
  2452 | D:4      | 2452 ||| STAIRDANCE
  2547 | D:4      | 2547 ||| STAIRDANCE
  2555 | D:4      | 2555 ||| STAIRDANCE
  2651 | D:4      | Reached XP level 6. HP: 38/38 MP: 6/6
  2655 | D:4      | 2655 ||| READING scroll of enchant armour.
  2655 | D:4      | 2655 ||| ENCHANTING +1 helmet.
  2850 | D:4      | Noticed Robin
  2866 | D:4      | Killed Robin
  2992 | D:4      | 2992 ||| UPGRADING to +0 helmet of see invisible.
  3002 | D:4      | 3002 ||| DRINKING 2 sedimented coppery potions.
  3020 | D:5      | Entered Level 5 of the Dungeon
  3149 | D:5      | Noticed Menkaure
  3160 | D:5      | 3160 ||| Stepping ~*~*~tactically~*~*~ (retreating).
  3161 | D:5      | 3161 ||| Stepping ~*~*~tactically~*~*~ (retreating).
  3162 | D:5      | 3162 ||| Stepping ~*~*~tactically~*~*~ (retreating).
  3165 | D:5      | Noticed an orc warrior
  3169 | D:5      | HP: 6/38 [orc warrior/+0 dire flail (5)]
  3170 | D:5      | 3170 ||| READING 4 scrolls of teleportation.
  3171 | D:5      | 3171 ||| DRINKING potion of heal wounds.
  3174 | D:5      | Killed an orc warrior
  3177 | D:5      | 3177 ||| FLEEEEING.
  3181 | D:5      | 3181 ||| Stepping ~*~*~tactically~*~*~ (retreating).
  3183 | D:5      | 3183 ||| Stepping ~*~*~tactically~*~*~ (retreating).
  3185 | D:5      | Killed Menkaure
  3185 | D:5      | HP: 4/38 [orc priest/divine providence (13)]
  3186 | D:5      | Reached skill level 7 in Ranged Weapons
  3186 | D:5      | 3186 ||| READING 3 scrolls of teleportation.
  3189 | D:5      | Reached XP level 7. HP: 5/43 MP: 7/7
  3446 | D:5      | Found a shimmering blue altar of Sif Muna.
  3717 | D:5      | Reached skill level 8 in Ranged Weapons
  3736 | D:5      | HP: 9/43 [water moccasin (3)]
  3737 | D:5      | 3737 ||| READING 3 scrolls of teleportation.
  4005 | D:5      | Found a staircase to the Ecumenical Temple.
  4006 | D:5      | 4006 ||| PLANNING TEMPLE
  4031 | D:5      | HP: 7/44 [black bear (6)]
  4032 | D:5      | 4032 ||| READING 2 scrolls of teleportation.
  4032 | D:5      | HP: 3/44 [black bear (4)]
  4033 | D:5      | Slain by a black bear

Levels and vault maps discovered:
D:1:      dpeg_arrival_stonehenge_12_columns, layout_basic
D:2:      cheibrodos_greedy_goblins, layout_loops_cross
D:3:      layout_loops_ring, tgw_kikubaaqudgha, uniq_jessica
D:4:      layout_cave_pools, uniq_robin
D:5:      layout_basic, mainiacjoe_overflow_24_doors, minmay_temple_entry_tees,
          uniq_menkaure

Skill      XL: |  1  2  3  4  5  6  7 |
---------------+----------------------+-----
Armour         | 1 |  1.0
Ranged Weapons | 5 6 7 8 |  8.0
Fighting       | 3 4 5 |  5.2
Dodging        | 2 |  2.5
Stealth        | |  1.1

Action                     |  1- 3 |  4- 6 |  7- 9 || total
---------------------------+-------+-------+-------++-------
   Fire: Shortbow          |   101 |   202 |    97 ||   400
    Use: Scroll            |     3 |    11 |     2 ||    16
         Potion            |       |     2 |       ||     2
 Armour: Ring mail         |     9 |       |       ||     9
         Leather armour    |    26 |    11 |       ||    37
         Robe              |       |    92 |   105 ||   197
  Dodge: Dodged            |    21 |    86 |    96 ||   203

Table legend:
 A = Non-vault XP
 B = Vault XP
 C = Vault XP percentage of total XP
 D = Non-vault monster count
 E = Vault monster count
 F = Vault count percentage of total count
                 A         B        C        D         E       F
            +---------+---------+-------+---------+---------+-------
      Total |     905 |     265 |  22.6 |      78 |      24 |  23.5
            +---------+---------+-------+---------+---------+-------
        D:1 |      29 |       0 |   0.0 |      19 |       0 |   0.0
        D:2 |      51 |      18 |  26.1 |      17 |       9 |  34.6
        D:3 |     173 |      41 |  19.2 |      18 |       3 |  14.3
        D:4 |      26 |      34 |  56.7 |       9 |      11 |  55.0
        D:5 |     626 |     172 |  21.6 |      15 |       1 |   6.2
            +---------+---------+-------+---------+---------+-------
